 Dungeon Crawl Stone Soup version 0.28-a0-413-gde365fb1df (webtiles) character file.

Game seed: 2276265744646491548

534 heikuro the Shield-Bearer (level 7, 0/55 HPs)
             Began as a Formicid Fighter on Sept 7, 2021.
             Was an Initiate of Makhleb.
             Slain by a wraith (7 damage)
             ... on level 5 of the Dungeon.
             The game lasted 00:08:57 (5440 turns).

heikuro the Shield-Bearer (Formicid Fighter)        Turns: 5440, Time: 00:08:58

Health: 0/55       AC:  9    Str: 23    XL:     7   Next: 50%
Magic:  7/7        EV:  5    Int:  7    God:    Makhleb [......]
Gold:   122        SH: 14    Dex: 10    Spells: 6/6 levels left

rFire   . . .      SeeInvis +   b - +2 short sword (venom)
rCold   . . .      Faith    .   s - +2 tower shield
rNeg    . . .      Spirit   .   k - +0 chain mail
rPois   .          Reflect  .   (helmet unavailable)
rElec   .          Harm     .   (no cloak)
rCorr   .          Rampage  .   (no gloves)
Will    .....                   (no boots)
Stlth   ..........              (no amulet)
HPRegen 0.18/turn               (no ring)
MPRegen 0.10/turn               (no ring)

@: no status effects
A: permanent stasis, dig shafts and tunnels, antennae 3, four strong arms
a: Dig, Shaft Self, Renounce Religion


You were on level 5 of the Dungeon.
You worshipped Makhleb.
Makhleb was noncommittal.
You visited 2 branches of the dungeon, and saw 6 of its levels.

You collected 122 gold pieces.

Inventory:

Hand Weapons
 a - a +0 long sword
 b - a +2 short sword of venom (weapon)
 o - a +3 dagger of draining
Missiles
 c - 4 javelins
 q - 16 poisoned darts (quivered)
 r - 2 silver javelins
Armour
 k - a +0 chain mail (worn)
 s - a +2 tower shield (worn)
Jewellery
 l - an amulet of guardian spirit
Scrolls
 f - a scroll of brand weapon {unknown}
 g - 4 scrolls of vulnerability
 h - a scroll of fog {unknown}
 n - a scroll of identify {unknown}
 p - a scroll of summoning
Potions
 d - 4 potions of might
 e - a potion of curing {unknown}
 i - a potion of attraction {unknown}
 j - 2 potions of haste {unknown}
 m - a potion of heal wounds {unknown}


   Skills:
 + Level 4.9 Fighting
 * Level 5.0 Long Blades
 + Level 4.8 Armour
 + Level 5.4 Shields
 + Level 0.0 Invocations


You had 6 spell levels left.
You didn't know any spells.
Your spell library was empty.

Dungeon Overview and Level Annotations

Branches:
Dungeon (5/15)             Temple (1/1) D:5

Altars:
Ashenzari
Dithmenos
Fedhas
Gozag
Hepliaklqana
Kikubaaqudgha
Makhleb
Qazlal
Sif Muna
Trog
Uskayaw
Vehumet
Wu Jian
Xom
Yredelemnul
Zin
The Shining One

Shops:
D:2 !

Annotations:
D:4 ogre


Innate Abilities, Weirdness & Mutations

You cannot be hasted, slowed, berserked, paralysed or teleported.
You can dig through walls and to a lower floor.
You have a pair of large antennae on your head. (SInv)
Your four strong arms can wield two-handed weapons with a shield.


Message History

You hit the wraith but do no damage.
The wraith is severely damaged.
The wraith hits you but does no damage. You block the wraith's attack.
You closely miss the wraith.
The wraith is severely damaged.
You block the wraith's attack.
You hit the wraith but do no damage.
The wraith is severely damaged.
The wraith hits you.
* * * LOW HITPOINT WARNING * * *
You closely miss the wraith.
The wraith is severely damaged.
The wraith hits you.
* * * LOW HITPOINT WARNING * * *
The wraith drains your vigour!
Your stasis prevents you from being slowed.
The wraith completely misses you.
Unknown command.
You hit the wraith.
The wraith is severely damaged.
You block the wraith's attack.
Unknown command.
You hit the wraith but do no damage.
The wraith is severely damaged.
The wraith hits you but does no damage.
Unknown command.
You closely miss the wraith.
The wraith is severely damaged.
You block the wraith's attack.
You barely miss the wraith.
The wraith is severely damaged.
You block the wraith's attack. The wraith hits you.
* * * LOW HITPOINT WARNING * * *
The wraith drains your vigour!
Your stasis prevents you from being slowed.
Unknown command.
You hit the wraith but do no damage.
The wraith is severely damaged.
The wraith hits you!
You die...

#.# #.# #)# ##### #.# #.#
#...# #.# #.#######...###.#
#............##.#
#########....##.#
#............##.#
..######'#######.##.##.#
P.(.(.W@..# #..#.##.#
≈≈........# #..#.#...
≈≈........# ###..#.#..#
#.........# #..........
########.## #.#<.#.#..# #.#
#.#.......# #### #.#
#.#...#...#
....########.#####.#...#####
.....................#.....


You could see a wraith.

Vanquished Creatures
  A necrophage (D:5)
  A phantom (D:4)
  A scorpion (D:5)
  A howler monkey (D:4)
  2 hounds
  An orc priest (D:2)
  An iguana (D:5)
  A gnoll (D:1)
  5 adders
  An ufetubus (D:4)
  6 worms
  2 dart slugs
  5 orcs
  9 endoplasms
  3 giant cockroaches
  6 goblins
  8 hobgoblins
  3 jackals (D:1)
  4 quokkas
  6 ball pythons
  7 bats
  2 frilled lizards
  3 kobolds
  6 rats
85 creatures vanquished.

Vanquished Creatures (others)
  A butterfly (D:5)
1 creature vanquished.

Grand Total: 86 creatures vanquished

Notes
Turn   | Place    | Note
-------+----------+-------------------------------------------
     0 | D:1      | heikuro the Formicid Fighter began the quest for the Orb.
     0 | D:1      | Reached XP level 1. HP: 18/18 MP: 1/1
   265 | D:1      | Reached XP level 2. HP: 24/24 MP: 2/2
   765 | D:1      | Reached XP level 3. HP: 24/29 MP: 3/3
  1386 | D:2      | Found an ancient bone altar of Kikubaaqudgha.
  1459 | D:2      | Reached XP level 4. HP: 37/37 MP: 4/4
  2147 | D:2      | Found Xicelar's Distillery.
  2327 | D:2      | Found a faded altar of an unknown god.
  2641 | D:3      | Reached XP level 5. HP: 42/42 MP: 5/5
  3450 | D:3      | Found an ancient bone altar of Kikubaaqudgha.
  3793 | D:4      | Noticed an ogre
  3902 | D:4      | Reached XP level 6. HP: 41/48 MP: 6/6
  4501 | D:4      | Reached skill level 5 in Shields
  4530 | D:5      | Entered Level 5 of the Dungeon
  4610 | D:5      | Noticed a necrophage
  4623 | D:5      | Killed a necrophage
  4624 | D:5      | Reached XP level 7. HP: 45/55 MP: 7/7
  4624 | D:5      | Found a shadowy altar of Dithmenos.
  5015 | D:5      | Found a staircase to the Ecumenical Temple.
  5025 | D:5      | Reached skill level 5 in Long Blades
  5124 | Temple   | Entered the Ecumenical Temple
  5325 | Temple   | Became a worshipper of Makhleb the Destroyer
  5411 | D:5      | Noticed a wraith
  5440 | D:5      | Slain by a wraith

Illustrated notes

Levels and vault maps discovered:
D:1:      scummos_arrival_simple_fountains, layout_basic
D:2:      layout_loops_ring, serial_shops, shop_statue, basic_altar,
          shapermc_ecumenical_altar_mp_vishouse, chequers_serial_rivers_micro_d
D:3:      layout_rooms, mainiacjoe_overflow_tiny_flanked
D:4:      layout_basic, serial_shops, nicolae_diamond_shop
D:5:      layout_basic, mainiacjoe_overflow_paths,
          nicolae_elyvilon_peaceful_grove, minmay_temple_entry_drinking_statues,
          serial_shops, shop
Temple:   regret_index_temple_generic_petals

Skill      XL: |  1  2  3  4  5  6  7 |
---------------+----------------------+-----
Shields        | 4 5 |  5.4
Long Blades    | 3 4 5 |  5.0
Armour         | 4 |  4.8
Fighting       | 4 |  4.9

Action                   |  1- 3 |  4- 6 |  7- 9 || total
-------------------------+-------+-------+-------++-------
Melee: Long sword        |   104 |    79 |       ||   183
       Short sword       |       |    50 |    29 ||    79
       Dagger            |       |    70 |     9 ||    79
Throw: Javelin           |       |       |     2 ||     2
  Use: Scroll            |       |     3 |       ||     3
Armor: Scale mail        |    37 |       |       ||    37
       Chain mail        |    10 |    71 |     8 ||    89
Dodge: Dodged            |    42 |    64 |     2 ||   108
Block: Buckler           |    24 |    33 |       ||    57
       Tower shield      |       |       |    26 ||    26

Table legend: (Time is in decaauts)
 A = Elapsed time spent in this place.
 B = Non-inter-level travel time spent in this place.
 C = Inter-level travel time spent in this place.
 D = Time resting spent in this place.
 E = Time spent auto-exploring this place.
 F = Levels seen in this place.
 G = Mean time per level.
                   A        B        C        D        E       F      G
               +--------+--------+--------+--------+--------+-----+--------+
         Total |   5499 |   5217 |    282 |   1563 |   2466 |   6 |  916.5 |
       Dungeon |   5274 |   5031 |    243 |   1563 |   2305 |   5 | 1054.8 |
        Temple |    224 |    185 |     39 |      0 |    161 |   1 |  224.0 |
               +--------+--------+--------+--------+--------+-----+--------+

Top non-repeatable levels by time:
     D:2: 1668 daAuts
     D:1: 1374 daAuts
     D:3: 908 daAuts
     D:4: 805 daAuts
     D:5: 518 daAuts
  Temple: 224 daAuts
